 Dungeon Crawl Stone Soup version 0.31-a0-986-g5e6e4ef867 (webtiles) character file.

Game seed: 10636284736359918627

406 backslashecho the Ruffian (level 6, -2/50 (61) HPs)
             Began as a Troll Shapeshifter on Nov 11, 2023.
             Slain by a wight
             ... wielding a +5 dire flail
              (13 damage)
             ... on level 3 of the Dungeon.
             The game lasted 00:05:27 (2203 turns).

backslashecho the Ruffian (Troll Shapeshifter)      Turns: 2203, Time: 00:05:27

HP:   -2/50 (61)    AC:  4    Str: 23    XL:     6   Next: 56%
MP:   5/5           EV: 10    Int:  6    God:
Gold: 132           SH:  0    Dex: 15    Spells: 5/5 levels left

rFire   . .          .
                       - Unarmed
rCold   + . .        (no shield)
rNeg    . . .        a - +0 animal skin
rPois   .            (helmet currently unavailable)
rElec   +            (cloak currently unavailable)
rCorr   .            (gloves unavailable)
SInv    .            (boots unavailable)
Will    .....        (no amulet)
Stlth   +            n - ring of the Carved God {Drain rElec rC+ Dex+4}
HPRegen 1.08/turn    (no ring)
MPRegen 0.09/turn

%: no passive effects
@: beast-form, heavily drained
A: beast (slay +2), large, unfitting armour, claws 3, regeneration 1, shaggy fur
1, tough skin 1
a: Begin Untransformation


You were on level 3 of the Dungeon.
You were a hulking beast.
You visited 1 branch of the dungeon, and saw 4 of its levels.

You collected 132 gold pieces.

Inventory:

Armour
 a - a +0 animal skin (worn)
 o - a +0 cloak
Jewellery
 n - the ring of the Carved God (left claw) {Drain rElec rC+ Dex+4}
   (You found it on level 3 of the Dungeon)

   [ring of protection from cold]

   Dex+4:     It affects your dexterity (+4).
   rC+:       It protects you from cold.
   rElec:     It insulates you from electricity.
   Drain:     It drains your maximum health when unequipped.
Talismans
 c - a beast talisman
 d - a flux talisman
Wands
 i - a wand of charming (3)
Scrolls
 f - 5 scrolls of identify
 g - a scroll of noise {unknown}
 h - a scroll of fear {unknown}
 l - a scroll of poison {unknown}
 p - a scroll of summoning {unknown}
Potions
 b - a potion of lignification
 e - a potion of haste {unknown}
 j - 2 potions of curing
 k - a potion of resistance {unknown}
 m - 2 potions of brilliance {unknown}


   Skills:
 * Level 3.5 Fighting
 + Level 2.9 Dodging
 + Level 4.2 Unarmed Combat
 + Level 4.0 Shapeshifting


You had 5 spell levels left.
You didn't know any spells.
Your spell library contained the following spells:

 Spells                   Type           Power      Damage    Failure   Level
 Slow                     Hex            0%         N/A       45%         1
 Cigotuvi's Dreadful Rot  Necr/Pois/Air  0%         N/A       58%         2
 Sublimation of Blood     Necr           0%         N/A       58%         2
 Confusing Touch          Hex            0%         N/A       83%         3
 Ignite Poison            Fire/Tmut/Pois 0%         N/A       83%         3
 Inner Flame              Hex/Fire       0%         N/A       83%         3
 Sigil of Binding         Hex            0%         N/A       83%         3
 Vampiric Draining        Necr           0%         2d6       83%         3
 Petrify                  Tmut/Erth      0%         N/A       99%         4
 Freezing Cloud           Conj/Ice/Air   0%         6-21      100%        5
 Irradiate                Conj/Tmut      0%         3d11      100%        5
 Yara's Violent Unravell  Hex/Tmut       0%         3d3       100%        5
 Enfeeble                 Hex            0%         N/A       100%        7


Dungeon Overview and Level Annotations

Branches:
Dungeon (4/15)
 Temple: D:4-7

Altars:
Qazlal
Sif Muna
Uskayaw
Vehumet
Wu Jian

Shops:
D:1 (


Innate Abilities, Weirdness & Mutations

You are a hulking beast.
Your limbs bulge with bestial killing power. (Slay +2)
You are too large for most types of armour.
You have claws for hands.
Your natural rate of healing is unusually fast.
You are covered in fur. (AC +1)
You have tough skin. (AC +1)


Message History

You take 8 damage, and have 19/57 hp.
You are too injured to fight recklessly!
You scratch the wight.
The wight is severely damaged.
The wight hits you from afar with a +5 halberd.
You feel drained.
The wight hits you with a +5 dire flail!
* * * LOW HITPOINT WARNING * * *
You feel drained.
You take 12 damage, and have 7/53 hp.
MASSIVE DAMAGE!!
You closely miss the wight.
The wight is severely damaged.
The wight hits you from afar with a +5 halberd.
* * * LOW HITPOINT WARNING * * *
You feel drained.
* * * LOW HITPOINT WARNING * * *
The wight barely misses you.
You take 2 damage, and have 5/52 hp.
Press: ? - help, v - describe, . - travel
Here: a wight, wielding a +5 dire flail and wearing a +0 robe (severely damaged)
The floor.
Unknown command.
A wight comes into view. It is wielding a +0 great sword.
The wight attacks as it pursues you! The wight barely misses you.
You regained 2 hp, and now have 12/52 hp.
The wight misses you.
There is a stone staircase leading up here.
The wight hits you with a +5 dire flail.
* * * LOW HITPOINT WARNING * * *
You climb upwards.
There is a stone staircase leading down here.
You regained 2 hp, and now have 17/52 hp.
The wight attacks as it pursues you!
The wight hits you with a +5 dire flail!
* * * LOW HITPOINT WARNING * * *
You feel drained.
* * * LOW HITPOINT WARNING * * *
You take 9 damage, and have 9/50 hp.
The wight attacks as it pursues you! The wight closely misses you.
The wight attacks as it pursues you! The wight barely misses you.
The wight attacks as it pursues you!
The wight hits you with a +5 dire flail.
* * * LOW HITPOINT WARNING * * *
You take 2 damage, and have 10/50 hp.
Okay, then.
As you read the scroll labelled QAUGRUGAOSS, it crumbles to dust.
It is a scroll of identify.
j - 2 potions of curing The wight hits you with a +5 dire flail!
You die...

#.# #...## #............... #.#
###..## #..#...#.......# #.#
#....# #.###.###....... #.#
#....### #..#...#.......# #.#
#......#####...._.........# #.#
#.............#...#.......# #.#
###..........###.###......#
#.###########....)..#..(#..##....
.......# #...h..........##.###
.####†## ##.z####..........#
.####.### ##.## ##........##
.##.....# #..## #..(....#####
.##.....# ##..###............
.##.._..# ##....>...........
.##.....# ###..............
###.≈≈≈.# #####...|..........
#≈≈≈≈≈# #................[.


You could see a wight.

Vanquished Creatures
  Sigmund (D:2)
  A phantom (D:4)
  A hound (D:4)
  4 adders
  4 worms
  3 dart slugs
  8 orcs
  7 bats
  8 endoplasms
  3 giant cockroaches
  5 hobgoblins
  3 jackals (D:1)
  2 quokkas
  5 ball pythons
  7 frilled lizards
  11 goblins
  4 kobolds
  11 rats
88 creatures vanquished.

Notes
Turn   | Place    | Note
-------+----------+-------------------------------------------
     0 | D:1      | backslashecho the Troll Shapeshifter began the quest for
                  | the Orb.
     0 | D:1      | Reached XP level 1. HP: 18/18 MP: 0/0
    73 | D:1      | Reached skill level 1 in Fighting
   180 | D:1      | Reached XP level 2. HP: 27/27 MP: 1/1
   418 | D:1      | Reached XP level 3. HP: 33/33 MP: 2/2
   433 | D:1      | Found Heonnisaa's Antique Weapon Shoppe.
  1087 | D:2      | Reached XP level 4. HP: 42/42 MP: 3/3
  1290 | D:2      | Noticed Sigmund
  1302 | D:2      | Killed Sigmund
  1303 | D:2      | Reached XP level 5. HP: 39/53 MP: 4/4
  1511 | D:3      | Reached XP level 6. HP: 61/61 MP: 5/5
  1541 | D:3      | Found a radiant altar of Vehumet.
  1577 | D:3      | Identified the ring of the Carved God {Drain rElec rC+
                  | Dex+4}
  1631 | D:3      | Found a faded altar of an unknown god.
  1631 | D:3      | Found a hide-covered altar of Uskayaw.
  1638 | D:3      | Found a stormy altar of Qazlal.
  1642 | D:3      | Found a faded altar of an unknown god.
  1643 | D:3      | Found a shimmering blue altar of Sif Muna.
  1809 | D:3      | Found an ornate altar of the Wu Jian Council.
  2203 | D:3      | Slain by a wight

Illustrated notes

Levels and vault maps discovered:
D:1:      roadster_arrival_rocket_large, layout_basic, serial_shops,
          nicolae_shop_tiny_real_fake_doors, minmay_rat_gold_closets
D:2:      layout_loops_ring, uniq_sigmund
D:3:      layout_basic, nicolae_wu_jian_glorious_leap, vehumet_crystals,
          chequers_temple_overflow_minitemple
D:4:      layout_layer_cave, mainiacjoe_overflow_alcove_2

Skill      XL: |  1  2  3  4  5  6 |
---------------+-------------------+-----
Fighting       | 1 2 3 |  3.5
Dodging        | 2 |  2.9
Unarmed Combat | 4 |  4.2
Shapeshifting  | 4 |  4.0

Action                     |  1- 3 |  4- 6 || total
---------------------------+-------+-------++-------
  Melee: Unarmed           |    91 |    82 ||   173
         Punch             |     2 |     8 ||    10
    Use: Scroll            |       |     1 ||     1
   Stab: Sleeping          |     3 |     2 ||     5
 Armour: Animal skin       |    49 |    44 ||    93
  Dodge: Dodged            |    32 |    28 ||    60

Table legend: (Time is in decaauts)
 A = Elapsed time spent in this place.
 B = Non-inter-level travel time spent in this place.
 C = Inter-level travel time spent in this place.
 D = Time resting spent in this place.
 E = Time spent auto-exploring this place.
 F = Levels seen in this place.
 G = Mean time per level.
                   A        B        C        D        E       F      G
               +--------+--------+--------+--------+--------+-----+--------+
         Total |   2190 |   2065 |    125 |      0 |   1363 |   4 |  547.5 |
       Dungeon |   2190 |   2065 |    125 |      0 |   1363 |   4 |  547.5 |
               +--------+--------+--------+--------+--------+-----+--------+

Top non-repeatable levels by time:
     D:1: 795 daAuts
     D:2: 683 daAuts
     D:3: 547 daAuts
     D:4: 163 daAuts
